Map: Efflorescence LE

Players

Throwfordays

  • Race: Protoss Protoss
  • Spawn Location: 6:00

Faust

  • Race: Zerg Zerg
  • League: Diamond
  • Spawn Location: 9:00

kous

  • Race: Zerg Zerg
  • Spawn Location: 12:00

Shield

  • Race: Protoss Protoss
  • League: Diamond
  • Spawn Location: 3:00

VOD

Have the link to the VOD?

Description

Time

  • Played on: March 22, 2021, 9:59 p.m.
  • Length: 5:21
Show
View Real Time Build Order
Export as new Build Order

Throwfordays Protoss 

Build Orders: Forge Fast Expand (FFE) 

Get SALT Encoding   

  12  0:00  Probe  
  13  0:12  Probe  
  14  0:19  Pylon  
  14  0:25  Probe  
  15  0:37  Probe  
  15  0:41  Forge  
  16  0:52  Assimilator, Probe  
  17  1:21  Probe  
  18  1:32  Nexus  
  18  1:36  Probe  
  19  1:49  Probe  
  19  1:50  Gateway  
  20  2:04  Assimilator  
  20  2:06  Pylon  
  20  2:07  Probe  
  21  2:19  Probe  
  22  2:31  Probe  
  23  2:38  Cybernetics Core  
  23  2:48  Photon Cannon  
  23  2:51  Photon Cannon  
  23  2:54  Pylon  
  23  2:57  Probe (Chrono Boost)  
  24  3:01  Probe (Chrono Boost)  
  25  3:09  Probe (Chrono Boost)  
  27  3:16  Probe (Chrono Boost)  
  27  3:17  Probe (Chrono Boost)  
  28  3:23  Probe x2  
  28  3:26  Photon Cannon  
  30  3:35  Probe  
  30  3:38  Warp Gate (Chrono Boost)  
  31  3:41  Adept, Photon Cannon  
  33  3:56  Probe (Chrono Boost)  
  34  4:06  Probe (Chrono Boost)  
  35  4:11  Adept, Probe (Chrono Boost)  
  38  4:22  Probe  
  39  4:31  Gateway  
  39  4:34  Probe  
  40  4:43  Adept  
  42  5:03  Probe  
Show
View Real Time Build Order
Export as new Build Order

Faust Zerg 

Build Orders: 3 Hatch before Pool 

Get SALT Encoding   

  12  0:00  Drone  
  13  0:08  Drone  
  14  0:15  Extractor  
  14  0:16  Drone  
  14  0:21  Extractor  
  14  0:22  Drone  
  16  0:28  Overlord  
  16  0:47  Drone x2  
  18  0:58  Hatchery  
  18  1:05  Hatchery  
  17  1:17  Spawning Pool  
  16  1:19  Drone  
  17  1:44  Drone  
  17  1:46  Drone, Hatchery  
  18  1:50  Drone  
  19  1:55  Drone  
  20  2:04  Queen  
  22  2:17  Zergling x2  
  22  2:18  Zergling x2, Overlord  
  24  2:24  Queen  
  26  2:32  Drone  
  26  2:33  Zergling x2  
  28  2:49  Queen  
  30  2:52  Drone x2  
  30  2:54  Zergling x4  
  30  2:58  Queen  
  35  3:22  Zergling x10  
  35  3:24  Zergling x4  
  41  3:30  Zergling x6  
  33  3:46  Zergling x4  
  33  3:47  Zergling x2  
  33  3:48  Zergling x10  
  32  3:57  Queen  
  30  4:08  Zergling x2  
  20  4:13  Zergling x8  
Show
View Real Time Build Order
Export as new Build Order

kous Zerg 

Build Orders: Pool First 

Get SALT Encoding   

  13  0:14  Drone x2  
  14  0:24  Overlord  
  14  0:43  Spawning Pool, Drone  
  14  0:44  Drone  
  15  1:07  Hatchery  
  15  1:11  Drone  
  15  1:13  Extractor  
  15  1:17  Drone  
  15  1:21  Drone  
  16  1:28  Drone  
  17  1:39  Zergling x2  
  18  1:42  Queen  
  18  1:45  Zergling x2  
  21  2:03  Overlord  
  21  2:13  Metabolic Boost  
  21  2:17  Zergling x2  
  21  2:21  Zergling x4  
  21  2:22  Queen  
  24  2:26  Zergling x2  
  27  2:32  Zergling x2  
  28  2:41  Zergling x4  
  30  2:51  Overlord  
  30  2:52  Zergling x6  
  30  2:55  Zergling x2  
  34  3:03  Overlord  
  34  3:11  Zergling x2  
  35  3:15  Zergling x4  
  37  3:21  Zergling x4  
  38  3:36  Zergling x2  
  38  3:37  Zergling x8  
  38  3:39  Zergling x2  
  33  4:12  Zergling x2  
  33  4:13  Zergling x18  
  40  4:36  Zergling x12  
  45  4:54  Zergling x2  
  45  4:55  Zergling x10  
Show
View Real Time Build Order
Export as new Build Order

Shield Protoss 

Build Orders: Dark Templar Rush 

Get SALT Encoding   

  12  0:02  Probe  
  13  0:14  Pylon  
  13  0:22  Probe  
  14  0:35  Probe  
  15  0:37  Gateway  
  15  0:47  Probe  
  16  0:59  Probe  
  17  1:05  Assimilator  
  17  1:10  Gateway  
  17  1:11  Probe  
  17  1:23  Probe  
  17  1:24  Pylon  
  18  1:34  Cybernetics Core  
  18  1:36  Probe  
  19  1:48  Probe  
  19  1:52  Assimilator  
  20  2:00  Probe  
  21  2:12  Probe  
  21  2:13  Twilight Council  
  22  2:18  Adept (Chrono Boost)  
  22  2:22  Adept (Chrono Boost)  
  26  2:35  Warp Gate  
  26  2:41  Probe  
  26  2:53  Probe  
  27  3:05  Probe  
  28  3:08  Adept  
  30  3:13  Shield Battery  
  30  3:23  Dark Shrine  
  30  3:26  Pylon  
  30  3:44  Adept  
  32  3:51  Nexus  
  32  4:11  Probe  
  32  4:16  Gateway  
  33  4:17  Gateway  
  33  4:22  Robotics Facility  
  33  4:23  Probe  
  34  4:25  Pylon  
  28  4:49  Dark Templar x2  
  28  4:51  Probe  
  33  4:59  Pylon  
  33  5:03  Probe  
  34  5:07  Probe  
  35  5:19  Shield Battery  
Tags
 
Add a new tag
Caveats
  • Supply blocks, unpowered buildings, or Contaminate may cause inaccurate times.
  • Supply counts are checked every 10 seconds.